Unix NetHack Version 5.0.0-0 post-release - last build May 22 2026 02:22:16 (99d1c3b6dc4b13757aaa5824b55bdea4e1e63757,branch:main).

Game began 2026-05-22 23:18:54, ended 2026-05-22 23:28:14.

ArrBianca, lawful female dwarven Archeologist

                               ---
                               |.
                               |.     ---
                               |.-  ---.---
                               |.-- |.....------
                               |..|--......))..|
                              --..--....G...--G---
                              |..........dd)d....|
                              --......---.d@d..|...
                               --.....---.ddd.----...
                                ----^....--.---    ....
                                   -...|.|---        ..|
                                  .....|.---          .|
                                   ----|.*.-----      --
                                       ---<....--
                                         ----...|
                                           |...--
                                           |...|
                                           -----

ArrBianca the Field Worker  St:9 Dx:11 Co:14 In:16 Wi:16 Ch:9  Lawful
Dlvl:4  $:40 HP:0(26) Pw:3(3) AC:8  Xp:3 T:1236 

Latest messages:
 The werejackal throws a dart!
 You are almost hit by a dart.
 In what direction? h
 The dart hits the gas spore.
 In what direction? h
 The dart misses the gas spore.
 In what direction? h
 You kill the gas spore!
 Boom!
 You hear a jackal howling at the moon.
 You swap places with Franklin.
 In what direction? <esc>
 You miss the werejackal.
 The werejackal bites!
 You feel feverish.
 You lash the werejackal.
 The werejackal bites!
 You lash the werejackal.
 The werejackal bites!
 You miss the werejackal.
 The werejackal bites!
 You miss the werejackal.
 The werejackal changes into a human.
 You lash the werejackal.
 The werejackal summons help!
 A jackal suddenly appears next to you!
 A jackal suddenly appears next to you!
 A fox suddenly appears next to you!
 A fox suddenly appears next to you!
 A jackal suddenly appears next to you!
 The werejackal hits!
 Franklin bites the fox.
 The fox is killed!
 You lash the werejackal.
 Franklin eats a fox corpse.
 You lash the werejackal.
 The jackal bites!
 The fox bites!
 The jackal misses!
 The jackal bites!
 The werejackal summons help!
 A jackal suddenly appears next to you!
 A jackal suddenly appears next to you!
 A jackal suddenly appears close by!
 The werejackal hits!
 You kill the werejackal!
 The jackal bites!
 The jackal bites!
 You die...
 Do you want your possessions identified? [ynq] (y) q

Inventory:
 Coins    ('$')
  $ - 40 gold pieces
 Weapons  (')')
  E - 14 cursed -3 arrows
  w - 14 blessed +0 darts (at the ready)
  x - 12 +0 darts
  a - a +2 bullwhip (weapon in right hand)
  y - a +0 flail
 Armor    ('[')
  c - an uncursed +0 fedora (being worn)
  l - an uncursed +0 pair of low boots (being worn)
  b - an uncursed +0 leather jacket (being worn)
 Comestibles  ('%')
  d - 3 uncursed food rations
  z - an uncursed homemade tin of acid blob
  B - an uncursed homemade tin of werejackal meat
  k - an uncursed lichen corpse
 Scrolls  ('?')
  t - an uncursed scroll of remove curse
 Potions  ('!')
  D - a blessed potion of confusion
  q - a cursed potion of sleeping
 Tools    ('(')
  h - an uncursed sack containing 1 item
  i - a magic marker (0:21)
  n - a cursed oil lamp
  e - a +0 pick-axe (alternate weapon; not wielded)
  v - an uncursed stethoscope
  m - a cursed tallow candle
  j - an uncursed tin whistle
  f - a tinning kit (0:56)
  o - a cursed towel
 Gems/Stones  ('*')
  g - an uncursed touchstone

Contents of the sack:
  an uncursed garnet stone

ArrBianca the Archeologist's attributes:

Background:
 You were a Field Worker, a level 3 female dwarven Archeologist.
 You were lawful, on a mission for Quetzalcoatl
 who was opposed by Camaxtli (neutral) and Huhetotl (chaotic).
 You were right-handed.
 You were in the Gnomish Mines, on level 4.
 You entered the dungeon 1236 turns ago.
 It was nighttime.
 You had 66 experience points, 14 more were needed to attain level 4.

Basics:
 You had 0 out of 26 hit points.
 You had all 3 energy points (spell power).
 Your armor class was 8.
 Your wallet contained 40 zorkmids.
 Autopickup was on for '$?!/="+%' plus thrown, with exceptions.

Final Characteristics:
 Your strength was 9 (limit:18/100).
 Your dexterity was 11 (limit:20).
 Your constitution was 14 (limit:20).
 Your intelligence was 16 (limit:16).
 Your wisdom was 16 (limit:16).
 Your charisma was 9 (limit:16).

Final Status:
 You weren't hungry.
 You were unencumbered.
 You were wielding a whip.
 You had basic skill with whip.

Final Attributes:
 You were devoutly aligned.
 You were level-drain resistant.
 You had automatic searching.
 You had infravision.
 You were a werejackal.
 You were harmed by silver.
 You were fast.
 You were lucky.
 You are dead.

Miscellaneous:
 You didn't encounter any bones levels.
 Total elapsed playing time was 9 minutes and 20 seconds.

Major events:
 Turn
    1: ArrBianca the lawful female dwarven Archeologist entered the dungeon
  572: entered the Gnomish Mines
  896: attained the rank of Field Worker (level 3)
 1236: killed by a jackal

You didn't know any spells.

Skills:
 Fighting Skills
   bare handed combat [Unskilled]
   two weapon combat  [Unskilled]
   riding             [Unskilled]
 Weapon Skills
   dagger             [Unskilled]
   knife              [Unskilled]
   pick-axe           [Basic]
   short sword        [Unskilled]
   saber              [Unskilled]
   club               [Unskilled]
   quarterstaff       [Unskilled]
   sling              [Unskilled]
   dart               [Unskilled]
   boomerang          [Unskilled]
   whip               [Basic]
   unicorn horn       [Unskilled]
 Spellcasting Skills
   attack spells      [Unskilled]
   healing spells     [Unskilled]
   divination spells  [Unskilled]
   matter spells      [Unskilled]

Voluntary challenges:
 Character rerolling was not enabled.
 You never genocided any monsters.
 You never polymorphed an object.
 You never changed form.
 You used no wishes.
Achievements:
 You entered the Gnomish Mines.
 You attained the rank of Field Worker.

 The Dungeons of Doom: levels 1 to 2
    Level 1:
       A fountain.
    Level 2:
       Some fountains.
       Stairs down to The Gnomish Mines.
 The Gnomish Mines: levels 3 to 4
    Level 3:
    Level 4: <- You were here.
       Final resting place for
          you, killed by a jackal.


Vanquished creatures:
  a homunculus
  2 werejackals
 an acid blob
  2 coyotes
  a gas spore
  a giant rat
  a yellow mold
 10 gnomes
  a gnome zombie
  a gecko
  3 jackals
  3 foxes
  3 goblins
  4 sewer rats
  3 grid bugs
  2 lichens
  a kobold zombie
  4 newts
44 creatures vanquished.

No species were genocided or became extinct.

Game over:
                       ----------
                      /          \
                     /    REST    \
                    /      IN      \
                   /     PEACE      \
                  /                  \
                  |    ArrBianca     |
                  |      40 Au       |
                  |   killed by a    |
                  |      jackal      |
                  |                  |
                  |                  |
                  |       2026       |
                 *|     *  *  *      | *
        _________)/\\_//(\/(/\)/\//\/|_)_______

Goodbye ArrBianca the Archeologist...

You died in The Gnomish Mines on dungeon level 4 with 460 points,
and 40 pieces of gold, after 1236 moves.
You were level 3 with a maximum of 26 hit points when you died.

